 Dungeon Crawl Stone Soup version 0.29.1-4-g47bece8355 (webtiles) character file.

Game seed: 16266328641383946678

106 GigaChad the Covered (level 4, -2/40 HPs)
             Began as a Minotaur Fighter on Dec 8, 2022.
             Slain by an orc
             ... wielding a +0 flail of protection
              (5 damage)
             ... on level 3 of the Dungeon.
             The game lasted 00:03:23 (2702 turns).

GigaChad the Covered (Minotaur Fighter)             Turns: 2702, Time: 00:03:23

Health: -2/40      AC:  8    Str: 22    XL:     4   Next: 55%
Magic:  3/3        EV:  9    Int:  5    God:
Gold:   176        SH:  4    Dex: 10    Spells: 3/3 levels left

rFire   . . .      SeeInvis .   a - +0 war axe
rCold   . . .      Faith    .   c - +0 buckler
rNeg    . . .      Spirit   .   b - +0 scale mail
rPois   .          Reflect  .   (helmet restricted)
rElec   .          Harm     .   r - +0 cloak
rCorr   .          Rampage  .   (no gloves)
Will    .....                   (no boots)
Stlth   ..........              (no amulet)
HPRegen 0.13/turn               (no ring)
MPRegen 0.08/turn               (no ring)

@: no status effects
A: horns 2, retaliatory headbutt
a: no special abilities


You were on level 3 of the Dungeon.
You visited 1 branch of the dungeon, and saw 3 of its levels.

You collected 176 gold pieces.

Inventory:

Hand Weapons
 a - a +0 war axe (weapon)
Armour
 b - a +0 scale mail (worn)
 c - a +0 buckler (worn)
 r - a +0 cloak (worn)
Jewellery
 o - a ring of protection from fire
 s - a ring of see invisible
Scrolls
 e - a scroll of fear {unknown}
 g - 2 scrolls of fog {unknown}
 h - a scroll of poison {unknown}
 j - 2 scrolls of amnesia {unknown}
 k - a scroll of enchant armour {unknown}
 l - a scroll of vulnerability {unknown}
 n - a scroll of magic mapping {unknown}
 p - a scroll of teleportation {unknown}
 q - 2 scrolls of identify {unknown}
Potions
 d - 2 potions of might
 f - a potion of mutation {unknown}
 i - a potion of degeneration {unknown}
 m - a potion of heal wounds {unknown}
 t - a potion of brilliance {unknown}


   Skills:
 + Level 4.2 Fighting
 + Level 3.9 Axes
 + Level 4.6 Armour
 + Level 0.6 Dodging
 + Level 0.1 Stealth
 + Level 4.2 Shields


You had 3 spell levels left.
You didn't know any spells.
Your spell library contained the following spells:

 Spells                   Type           Power      Damage    Failure   Level
 Summon Guardian Golem    Hex/Summ       0%         N/A       99%         3
 Orb of Destruction       Conj           0%         9d5       100%        7
 Spellforged Servitor     Conj/Summ      0%         N/A       100%        7


Dungeon Overview and Level Annotations

Branches:
Dungeon (3/15)

Altars:

Shops:
D:2 [   D:3 =


Innate Abilities, Weirdness & Mutations

You have a pair of horns on your head.
You reflexively headbutt those who attack you in melee.


Message History

You hear some strange, mumbled words.
A puff of flame appears from out of thin air!
The puff of flame hits you!
* * * LOW HITPOINT WARNING * * *
You hear some strange, mumbled words.
A magic dart appears from out of thin air!
The magic dart hits you.
* * * LOW HITPOINT WARNING * * *
You closely miss something. Your headbutt misses something.
You hear some strange, mumbled words.
You are confused.
You bump into the rock wall.
Something hits you but does no damage.
You bump into the rock wall.
Something hits you but does no damage.
You miss something. Your headbutt misses something.
Something hits you but does no damage. x2
You bump into the rock wall.
Something hits you but does no damage.
The orc priest miscasts a cantrip.
You're too confused to move!
An orc wizard appears from thin air!
Reactivating autopickup.
The orc wizard hits you with a +0 dagger.
* * * LOW HITPOINT WARNING * * *
You bump into the rock wall.
You feel less confused.
The orc wizard hits you with a +0 dagger.
* * * LOW HITPOINT WARNING * * *
You hit the orc wizard.
You kill the orc wizard!
You hit the orc. Your headbutt misses the orc.
The orc is almost dead.
The orc hits you with a +0 mace.
* * * LOW HITPOINT WARNING * * *
You hit the orc.
You kill the orc!
The orc barely misses you.
You slash the orc!
You kill the orc!
You barely miss the orc. The orc barely misses you.
You closely miss the orc. The orc completely misses you.
The orc hits you with a +0 flail of protection.
You die...

#.# #.# ##.##
##...## ##
#.....#
....#...##
.###.##.####.#
.............#
.....##@####.#
#### #o#


Joo .ooo. ....... ......... +.........+ #.........# You could see an orc priest,
5 orcs and an endoplasm.

Vanquished Creatures
  Natasha (D:3)
  An orc wizard (D:3)
  An adder (D:2)
  A worm (D:2)
  3 orcs (D:3)
  4 ball pythons
  2 endoplasms
  A giant cockroach (D:2)
  3 goblins (D:2)
  7 hobgoblins
  A quokka (D:1)
  4 bats
  2 frilled lizards (D:1)
  9 kobolds
  2 rats
42 creatures vanquished.

Notes
Turn   | Place    | Note
-------+----------+-------------------------------------------
     0 | D:1      | GigaChad the Minotaur Fighter began the quest for the Orb.
     0 | D:1      | Reached XP level 1. HP: 19/19 MP: 0/0
   369 | D:1      | Reached XP level 2. HP: 27/27 MP: 1/1
   897 | D:2      | Reached XP level 3. HP: 25/33 MP: 2/2
  1154 | D:2      | Found Woraxiru's Antique Armour Shop.
  1560 | D:2      | Found a faded altar of an unknown god.
  2318 | D:3      | Found Hutearou's Jewellery Emporium.
  2342 | D:3      | Noticed Natasha
  2346 | D:3      | Killed Natasha
  2347 | D:3      | Reached XP level 4. HP: 20/40 MP: 3/3
  2698 | D:3      | HP: 2/40 [orc/+0 mace (2)]
  2702 | D:3      | Slain by an orc

Illustrated notes

Levels and vault maps discovered:
D:1:      lightli_arrival_flooded_house, layout_loops_ring
D:2:      wad_crossroads, layout_basic, shapermc_ecumenical_altar_flowoftime,
          serial_shops, shop
D:3:      layout_loops_corners, minitemple, lemuel_round_altar,
          okawaru_altar_gauntlet_db, serial_shops, nicolae_shop_waterfront,
          uniq_natasha

Skill      XL: |  1  2  3 |
---------------+----------+-----
Fighting       | 4 |  4.2
Armour         | 4 |  4.6
Shields        | 4 |  4.2
Axes           | 3 |  3.9
Dodging        | |  0.6
Stealth        | |  0.1

Action                   |  1- 3 |  4- 6 || total
-------------------------+-------+-------++-------
Melee: War axe           |    88 |    27 ||   115
       Headbutt          |     7 |     1 ||     8
Armor: Scale mail        |    61 |    18 ||    79
Dodge: Dodged            |    54 |     4 ||    58
Block: Buckler           |    22 |     1 ||    23
